 Dungeon Crawl Stone Soup version 0.30-a0-808-g6e0788376e (webtiles) character file.

Game seed: 15950686475652714063

56 Twinkles the Chopper (level 3, -2/31 HPs)
             Began as a Hill Orc Reaver on Feb 26, 2023.
             Slain by Natasha (4 damage)
             ... on level 2 of the Dungeon.
             The game lasted 00:02:11 (1176 turns).

Twinkles the Chopper (Hill Orc Reaver)              Turns: 1176, Time: 00:02:12

Health: -2/31      AC:  4    Str: 16    XL:     3   Next: 97%
Magic:  15/15      EV: 11    Int: 13    God:
Gold:   30         SH:  0    Dex:  9    Spells: 5/6 levels left

rFire   . . .      SeeInvis .    a - +0 hand axe
rCold   . . .      Faith    .    (no shield)
rNeg    . . .      Spirit   .    b - +0 leather armour
rPois   .          Reflect  .    (no helmet)
rElec   .          Harm     .    (no cloak)
rCorr   .          Rampage  .    (no gloves)
Will    .....                    f - +0 pair of boots
Stlth   +                        (no amulet)
HPRegen 0.25/turn                d - ring of magical power
MPRegen 0.14/turn                (no ring)

@: slowed, very slow
A: no striking features
a: no special abilities


You were on level 2 of the Dungeon.
You visited 1 branch of the dungeon, and saw 2 of its levels.

You collected 30 gold pieces.

Inventory:

Hand Weapons
 a - a +0 hand axe (weapon)
 i - a +0 dagger of speed
Missiles
 g - 6 poisoned darts
Armour
 b - a +0 leather armour (worn)
 f - a +0 pair of boots (worn)
Jewellery
 d - a ring of magical power (left hand)
Scrolls
 e - a scroll of fear {unknown}
 m - a scroll of identify {unknown}
Potions
 c - 2 potions of heal wounds {unknown}
 h - a potion of lignification {unknown}
 j - a potion of curing {unknown}
 k - a potion of attraction {unknown}
 l - a potion of degeneration {unknown}
 n - 2 potions of magic {unknown}


   Skills:
 + Level 3.1 Fighting
 + Level 4.5 Axes
 + Level 2.0 Dodging
 + Level 2.0 Spellcasting
 + Level 3.3 Conjurations


You had 5 spell levels left.
You knew the following spells:

 Your Spells              Type           Power      Damage    Failure   Level
a - Kiss of Death         Conj/Necr      20%        2d7       16%         1

Your spell library contained the following spells:

 Spells                   Type           Power      Damage    Failure   Level
 Momentum Strike          Conj/Tloc      10%        3d8       24%         2
 Hailstorm                Conj/Ice       5%         3d4       43%         3


Dungeon Overview and Level Annotations

Branches:
Dungeon (2/15) Zot: 10804

Altars:

Annotations:
D:2 Natasha


Message History

The crimson imp puffs mist at you.
The crimson imp blinks!
Natasha claws you.
You hit Natasha but do no damage.
Natasha is lightly wounded.
Natasha claws you. Natasha closely misses you.
You hit Natasha but do no damage.
Natasha is lightly wounded.
Natasha howls an incantation.
Natasha's front paws start to glow.
Natasha barely misses you. The crimson imp barely misses you.
You hit Natasha.
Natasha is moderately wounded.
You hit the crimson imp. Natasha barely misses you. The crimson imp hits you.
Natasha claws you.
You closely miss Natasha.
Natasha is moderately wounded.
You miss the crimson imp.
You feel yourself speed up. Natasha claws you.
* * * LOW HITPOINT WARNING * * *
The crimson imp closely misses you. The crimson imp hits you.
* * * LOW HITPOINT WARNING * * *
Natasha claws you but does no damage.
You hit Natasha.
Natasha is heavily wounded.
You hit the crimson imp. x2; The crimson imp blinks!
The crimson imp hits you.
* * * LOW HITPOINT WARNING * * *
Natasha growls.
Natasha stares at you and mumbles some strange words.
You feel yourself slow down.
You barely miss Natasha.
Natasha is heavily wounded.
You hit the crimson imp. The crimson imp hits you.
* * * LOW HITPOINT WARNING * * *
Natasha closely misses you. The crimson imp barely misses you.
You hit Natasha but do no damage.
Natasha is heavily wounded.
You hit the crimson imp but do no damage.
Natasha claws you.
You die...

#....# #####....# ##
#........# ...
#........##...
#.............
#........###########
#.....#..#.#.#...#.#
....###....#...#§5.#
....#
#..#..†#.#@#...#
....# #..#...#.#h#
..# ....#
#....#...#g. ...
.........#.#.#...#.
#..
........############
# .###....#
..##....# #..#....
....


You could see Natasha, a crimson imp (summoned) and a hobgoblin.

Vanquished Creatures
  An adder (D:2)
  A dart slug (D:1)
  A ball python (D:1)
  5 endoplasms
  2 giant cockroaches
  A goblin (D:1)
  5 hobgoblins (D:1)
  4 jackals (D:1)
  4 quokkas
  6 bats (D:1)
  3 frilled lizards
  2 kobolds (D:1)
  4 rats
39 creatures vanquished.

Notes
Turn   | Place    | Note
-------+----------+-------------------------------------------
     0 | D:1      | Twinkles the Hill Orc Reaver began the quest for the Orb.
     0 | D:1      | Reached XP level 1. HP: 18/18 MP: 3/3
   118 | D:1      | Reached XP level 2. HP: 15/25 MP: 4/4
   441 | D:1      | Reached XP level 3. HP: 20/30 MP: 5/5
  1160 | D:2      | Noticed Natasha
  1173 | D:2      | HP: 5/31 [Natasha (6)]
  1174 | D:2      | HP: 2/31 [crimson imp[Natasha] (2)]
  1176 | D:2      | Slain by Natasha

Illustrated notes

Levels and vault maps discovered:
D:1:      saegor_arrival_simple_d, layout_basic, hangedman_feature_mirror
D:2:      layout_basic, basic_altar, hangedman_decor_push,
          minmay_misc_feat_alley, uniq_natasha

Skill      XL: |  1  2  3 |
---------------+----------+-----
Fighting       | 3 |  3.1
Dodging        | 2 |  2.0
Spellcasting   | 2 |  2.0
Axes           | |  4.5
Conjurations   | |  3.3

Action                     || total
---------------------------++-------
  Melee: Hand axe          ||   132
         Punch             ||     1
 Armour: Leather armour    ||    41
  Dodge: Dodged            ||   110

Table legend: (Time is in decaauts)
 A = Elapsed time spent in this place.
 B = Non-inter-level travel time spent in this place.
 C = Inter-level travel time spent in this place.
 D = Time resting spent in this place.
 E = Time spent auto-exploring this place.
 F = Levels seen in this place.
 G = Mean time per level.
                   A        B        C        D        E       F      G
               +--------+--------+--------+--------+--------+-----+--------+
         Total |   1193 |   1162 |     31 |      0 |    886 |   2 |  596.5 |
       Dungeon |   1193 |   1162 |     31 |      0 |    886 |   2 |  596.5 |
               +--------+--------+--------+--------+--------+-----+--------+

Top non-repeatable levels by time:
     D:1: 1048 daAuts
     D:2: 145 daAuts
